 Dungeon Crawl Stone Soup version 0.29.1-2-gbd0b4ee654 (webtiles) character file.

Game seed: 16981019639723822053

1043 DemonSlayer the Firebug (level 8, -2/54 HPs)
             Began as a Demonspawn Fire Elementalist on Nov 19, 2022.
             Slain by an orc warrior
             ... wielding a +0 war axe
              (18 damage)
             ... on level 7 of the Dungeon.
             The game lasted 00:12:08 (8118 turns).

DemonSlayer the Firebug (DsFE)                      Turns: 8118, Time: 00:12:08

Health: -2/54      AC:  9    Str:  8 (11) XL:     8   Next: 4%
Magic:  16/16      EV: 12    Int: 14 (17) God:
Gold:   28         SH:  0    Dex: 18 (19) Spells: 1/18 levels left

rFire   . . .      SeeInvis .   h - +1 mace (vorpal)
rCold   . . .      Faith    .   j - orb {guile}
rNeg    . . .      Spirit   .   C - +0 leather armour
rPois   .          Reflect  .   u - +0 helmet
rElec   .          Harm     .   (no cloak)
rCorr   .          Rampage  .   k - +0 pair of gloves
Will    .....                   (no boots)
Stlth   +.........              (no amulet)
HPRegen 0.18/turn               i - +6 ring of dexterity
MPRegen 0.30/turn               w - +4 ring of protection

@: confused, brilliant, ambrosia-drunk
A: claws 1, powered by death 1, magic regeneration
a: no special abilities


You were on level 7 of the Dungeon.
You visited 1 branch of the dungeon, and saw 7 of its levels.

You collected 278 gold pieces.
You spent 250 gold pieces at shops.

Inventory:

Hand Weapons
 h - a +1 vorpal mace (weapon)
Missiles
 d - 7 poisoned darts
Armour
 j - an orb of guile (worn)
 k - a +0 pair of gloves (worn)
 u - a +0 helmet (worn)
 C - a +0 leather armour (worn)
Jewellery
 g - a ring of resist corrosion
 i - a +6 ring of dexterity (left hand)
 w - a +4 ring of protection (right hand)
Wands
 f - a wand of iceblast (11)
 x - a wand of flame (18)
Scrolls
 l - 2 scrolls of magic mapping {unknown}
 q - a scroll of amnesia
 r - a scroll of teleportation {unknown}
 s - a scroll of summoning
 t - a scroll of poison {unknown}
 y - a scroll of fog {unknown}
 z - a scroll of acquirement {unknown}
 B - a scroll of vulnerability {unknown}
Potions
 m - 2 potions of mutation
 n - a potion of cancellation
 v - 2 potions of attraction


   Skills:
 + Level 1.1 Fighting
 + Level 1.8 Maces & Flails
 + Level 2.5 Dodging
 + Level 3.2 Stealth
 + Level 5.5 Spellcasting
 + Level 2.7 Conjurations
 + Level 5.5 Fire Magic


You had one spell level left.
You knew the following spells:

 Your Spells              Type           Power      Damage    Failure   Level
a - Foxfire               Conj/Fire      92%        2x1d8     4%          1
b - Scorch                Fire           56%        2d8       3%          2
c - Conjure Flame         Conj/Fire      23%        6-21      13%         3
d - Flame Wave            Conj/Fire      23%        2d8       41%         4
e - Stone Arrow           Conj/Erth      22%        3d8       38%         3
f - Sticky Flame          Conj/Fire      23%        2d4       41%         4

Your spell library contained the following spells:

 Spells                   Type           Power      Damage    Failure   Level
 Sandblast                Erth           10%        2d5       24%         1
 Inner Flame              Hex/Fire       17%        N/A       24%         3
 Passwall                 Tmut/Erth      4%         N/A       36%         2
 Fireball                 Conj/Fire      11%        3d7       77%         5
 Corpse Rot               Necr/Pois/Air  5%         N/A       94%         4
 Summon Forest            Summ/Tloc      2%         N/A       100%        5
 Eringya's Noxious Bog    Tmut/Pois      2%         N/A       100%        6
 Summon Hydra             Summ           2%         N/A       100%        7


Dungeon Overview and Level Annotations

Branches:
Dungeon (7/15)
 Temple: D:4-7

Altars:

Shops:
D:1 ?


Innate Abilities, Weirdness & Mutations

You have sharp fingernails.
You regenerate a little health from kills.
You regenerate magic rapidly.


Message History

You start waiting.
Done waiting.
You start waiting.
Done waiting.
You start waiting.
Done waiting.
You climb upwards.
There is a stone staircase leading down here.
Flames lash the orc warrior but do no damage.
The gnoll sergeant shouts!
The orc warrior hits you with a +0 war axe!
Flames lash the orc warrior but do no damage.
The orc warrior hits you with a +0 war axe!
The orc warrior hits you with a +0 war axe!
You climb downwards.
There is a stone staircase leading up here.
You are too injured to fight recklessly!
It was a potion of degeneration.
There was something very wrong with that liquid.
You feel weakened.
You feel dopey.
You feel clumsy. The orc warrior completely misses you.
It was a potion of brilliance.
You feel clever all of a sudden.
The orc warrior hits you with a +0 war axe!
* * * LOW HITPOINT WARNING * * *
It was a potion of ambrosia.
You are confused.
You feel invigorated.
The orc warrior hits you with a +0 war axe!
* * * LOW HITPOINT WARNING * * *
You are too confused!
You hit the orc warrior.
The orc warrior is lightly wounded.
The orc warrior hits you with a +0 war axe!
* * * LOW HITPOINT WARNING * * *
You bump into the rock wall.
The orc warrior misses you.
You hit the orc warrior but do no damage.
The orc warrior is lightly wounded.
The orc warrior hits you with a +0 war axe!!
You die...

###
#..
#.#
#.#
#.#
#o#
#@#
###


You could see an orc warrior.

Vanquished Creatures
  2 ice beasts (D:5)
  An ogre (D:4)
  A centaur (D:5)
  3 phantoms
  A scorpion (D:5)
  A necrophage (D:5)
  A howler monkey (D:5)
  2 hounds (D:5)
  Ijyb (D:3)
  4 iguanas (D:5)
  2 gnolls (D:6)
  4 adders
  A white imp (D:6)
  An ufetubus (D:5)
  4 dart slugs
  An orc (D:6)
  5 ball pythons
  5 endoplasms
  2 giant cockroaches
  6 hobgoblins
  2 jackals (D:2)
  6 quokkas
  5 bats
  2 frilled lizards (D:1)
  5 goblins
  6 kobolds
  5 rats
79 creatures vanquished.

Vanquished Creatures (others)
  191 foxfires
191 creatures vanquished.

Grand Total: 270 creatures vanquished

Notes
Turn   | Place    | Note
-------+----------+-------------------------------------------
     0 | D:1      | DemonSlayer the Demonspawn Fire Elementalist began the
                  | quest for the Orb.
     0 | D:1      | Reached XP level 1. HP: 13/13 MP: 3/3
   195 | D:1      | Found a faded altar of an unknown god.
   722 | D:1      | Found Isosucky's Magic Scroll Boutique.
   778 | D:1      | Gained mutation: You have sharp fingernails. [demonic
                  | ancestry]
   778 | D:1      | Reached XP level 2. HP: 19/19 MP: 1/5
   781 | D:1      | Learned a level 2 spell: Scorch
  2211 | D:2      | Reached XP level 3. HP: 24/24 MP: 3/6
  2707 | D:2      | Learned a level 3 spell: Conjure Flame
  2783 | D:1      | Bought a scroll of identify for 20 gold pieces
  2783 | D:1      | Bought a scroll of enchant weapon for 75 gold pieces
  2783 | D:1      | Bought a scroll of identify for 20 gold pieces
  3139 | D:3      | Noticed Ijyb
  3155 | D:3      | Killed Ijyb
  3156 | D:3      | Reached XP level 4. HP: 30/30 MP: 0/7
  3332 | D:3      | Got the Folio of Burning Feathers
  4230 | D:4      | Noticed an ogre
  4417 | D:4      | Noticed a phantom
  4427 | D:4      | Killed a phantom
  4428 | D:4      | Gained mutation: You regenerate a little health from kills.
                  | [demonic ancestry]
  4428 | D:4      | Reached XP level 5. HP: 28/36 MP: 1/9
  4631 | D:4      | Noticed a phantom
  4635 | D:4      | Killed a phantom
  4636 | D:4      | Reached skill level 1 in Maces & Flails
  4782 | D:4      | Learned a level 4 spell: Flame Wave
  4801 | D:4      | Reached XP level 6. HP: 42/42 MP: 8/11
  5441 | D:1      | Bought a scroll of identify for 20 gold pieces
  5441 | D:1      | Bought a scroll of identify for 20 gold pieces
  5538 | D:5      | Entered Level 5 of the Dungeon
  5658 | D:5      | Noticed an ice beast
  5670 | D:5      | Killed an ice beast
  5959 | D:5      | Reached XP level 7. HP: 40/47 MP: 8/13
  5988 | D:5      | Reached skill level 5 in Fire Magic
  5995 | D:5      | Reached skill level 1 in Fighting
  6237 | D:5      | Reached skill level 5 in Spellcasting
  6888 | D:5      | Gained mutation: You regenerate magic rapidly. [demonic
                  | ancestry]
  6888 | D:5      | Reached XP level 8. HP: 49/54 MP: 11/16
  7021 | D:5      | Learned a level 3 spell: Stone Arrow
  7026 | D:5      | Learned a level 4 spell: Sticky Flame
  7213 | D:1      | Bought a scroll of summoning for 95 gold pieces
  8118 | D:7      | Slain by an orc warrior

Illustrated notes

Levels and vault maps discovered:
D:1:      saegor_arrival_under_anarchy, layout_loops_ring,
          ebering_ecumenical_altar_sacrificial, serial_shops,
          nicolae_shop_trees, corexii_corridor_pit, minmay_misc_feat_hallway
D:2:      layout_basic, basic_altar, minmay_misc_feat_encased,
          roderic_lattice_a, hex_medium
D:3:      layout_basic, uniq_ijyb
D:4:      layout_loops_cross, minmay_fountain_box
D:5:      layout_loops_ring, kennysheep_crisscross
D:6:      layout_basic, centaur_isle, uniq_edmund
D:7:      layout_basic, nicolae_tso_carved_into_rock, lemuel_crystal_altar,
          minmay_temple_entry_statues_pillars, uniq_prince_ribbit1, uniq_duvessa

Skill      XL: |  1  2  3  4  5  6  7 |
---------------+----------------------+-----
Stealth        | 2 3 |  3.2
Fire Magic     | 3 4 5 |  5.5
Conjurations   | 2 |  2.7
Dodging        | 2 |  2.5
Spellcasting   | 3 4 5 |  5.5
Maces & Flails | 1 |  1.8
Fighting       | 1 |  1.1

Action                   |  1- 3 |  4- 6 |  7- 9 || total
-------------------------+-------+-------+-------++-------
Melee: Mace              |    28 |    28 |    19 ||    75
       Whip              |     1 |       |       ||     1
 Cast: Foxfire           |   109 |    18 |       ||   127
       Scorch            |       |    33 |    36 ||    69
  Use: Potion            |     2 |     1 |    10 ||    13
       Scroll            |     6 |     5 |     2 ||    13
 Stab: Sleeping          |     1 |     1 |       ||     2
       Invisible         |       |       |     5 ||     5
Armor: Robe              |     9 |    16 |     9 ||    34
       Leather armour    |       |       |     4 ||     4
Dodge: Dodged            |    24 |    23 |    30 ||    77
